 Dungeon Crawl Stone Soup version 0.28.0-1-gb440e238dd (webtiles) character file.

Game seed: 12336390058640062449

199 fknight the Chopper (level 5, -9/47 HPs)
             Began as a Hill Orc Monk on Feb 24, 2022.
             Was a Believer of Beogh.
             Mangled by an ogre (13 damage)
             ... on level 4 of the Dungeon.
             The game lasted 00:12:07 (3593 turns).

fknight the Chopper (Hill Orc Monk)                 Turns: 3593, Time: 00:12:07

Health: -9/47      AC: 10    Str: 16    XL:     5   Next: 77%
Magic:  5/5        EV:  5    Int: 10    God:    Beogh [**....]
Gold:   159        SH:  0    Dex: 13    Spells: 4/4 levels left

rFire   . . .      SeeInvis .   A - +2 whip (holy)
rCold   . . .      Faith    .   (no shield)
rNeg    . . .      Spirit   .   p - +0 plate armour
rPois   .          Reflect  .   (no helmet)
rElec   .          Harm     .   (no cloak)
rCorr   .          Rampage  .   (no gloves)
Will    .....                   (no boots)
Stlth   ..........              l - amulet of the acrobat
HPRegen 0.15/turn               (no ring)
MPRegen 0.09/turn               (no ring)

@: no status effects
A: no striking features
a: Renounce Religion, Smiting


You were on level 4 of the Dungeon.
You worshipped Beogh.
Beogh was pleased with you.
You visited 1 branch of the dungeon, and saw 4 of its levels.

You collected 159 gold pieces.

Inventory:

Hand Weapons
 c - a +0 whip of freezing
 e - a +3 dagger
 g - a +0 war axe
 i - a +0 short sword of venom
 n - a +0 war axe
 r - a +0 spear
 w - a +2 dagger of venom
 x - a +3 dagger
 A - a +2 whip of holy wrath (weapon)
Missiles
 b - 70 stones (quivered)
 v - 2 boomerangs
 z - 4 poisoned darts
Armour
 p - a +0 plate armour (worn)
Jewellery
 l - an amulet of the acrobat (around neck)
Scrolls
 h - 2 scrolls of fog
 k - a scroll of teleportation {unknown}
 q - a scroll of amnesia {unknown}
 s - a scroll of magic mapping
 t - a scroll of fear
 y - a scroll of enchant weapon {unknown}
Potions
 a - a potion of haste
 d - a potion of heal wounds {unknown}
 f - a potion of lignification {unknown}
 j - a potion of flight
 o - a potion of mutation {unknown}
 u - a potion of resistance {unknown}


   Skills:
 + Level 4.8 Fighting
 + Level 5.2 Axes
 + Level 3.3 Dodging
 + Level 2.7 Stealth
 + Level 1.2 Invocations


You had 4 spell levels left.
You didn't know any spells.
Your spell library contained the following spells:

 Spells                   Type           Power      Damage    Failure   Level
 Conjure Flame            Conj/Fire      0%         6-21      100%        3
 Ignite Poison            Fire/Tmut/Pois 0%         N/A       100%        3
 Sticky Flame             Conj/Fire      0%         2d3       100%        4


Dungeon Overview and Level Annotations

Branches:
Dungeon (4/15)
 Temple: D:4-7

Altars:

Shops:
D:3 *


Message History

The scorpion is heavily wounded.
An ogre comes into view. It is wielding a +0 giant spiked club.
The scorpion stings you.
* * * LOW HITPOINT WARNING * * *
You are lethally poisoned!
The scorpion poisons you!
You feel better.
The ogre shouts!
The scorpion completely misses you.
The scorpion stings you but does no damage.
You hit the scorpion but do no damage.
The scorpion is heavily wounded.
The scorpion stings you.
* * * LOW HITPOINT WARNING * * *
You slash the scorpion!
You kill the scorpion!
Beogh accepts your kill.
Your Invocations skill increases to level 1!
Things that are here:
a +0 flail; an orc corpse Your +2 whip of holy wrath softly glows with a divine radiance!
A - a +2 whip of holy wrath (weapon)
The ogre barely misses you.
You hit the ogre. You punch the ogre.
The ogre is moderately wounded.
The ogre hits you with a +0 giant spiked club.
* * * LOW HITPOINT WARNING * * *
You barely miss the ogre.
The ogre is moderately wounded.
You barely miss the ogre.
The ogre is moderately wounded.
The ogre closely misses you.
You hit the ogre.
The ogre is moderately wounded.
The ogre hits you with a +0 giant spiked club.
* * * LOW HITPOINT WARNING * * *
You whack the ogre!
The ogre is severely wounded.
The ogre hits you with a +0 giant spiked club!
You die...

##.........# ##...
#.........## ..
##..........#
#...........# .
#.............. #.
#?............. .. #
##......#...... .
###.##..O...##......
.....(.)@...###....o
.......†).....#.....
.#......).....#
#..............
#..............
$......##.......
#...... ......#
####... ....... #...
...##..


You could see an ogre.

Vanquished Creatures
  A scorpion (D:4)
  A bullfrog skeleton (D:4)
  Jessica (D:3)
  3 adders
  An adder skeleton (D:4)
  2 worms
  4 dart slugs
  7 orcs
  5 endoplasms
  A giant cockroach (D:2)
  3 goblins
  8 hobgoblins (D:1)
  6 kobolds (D:1)
  A quokka (D:4)
  5 ball pythons
  9 bats
  3 frilled lizards (D:1)
  2 rats (D:1)
  A spectral kobold (D:2)
64 creatures vanquished.

Vanquished Creatures (others)
  A hound (D:4)
  An orc priest (D:4)
  An orc wizard (D:4)
  4 orcs (D:4)
7 creatures vanquished.

Grand Total: 71 creatures vanquished

Notes
Turn   | Place    | Note
-------+----------+-------------------------------------------
     0 | D:1      | fknight the Hill Orc Monk began the quest for the Orb.
     0 | D:1      | Reached XP level 1. HP: 19/19 MP: 1/1
   113 | D:1      | Reached XP level 2. HP: 19/27 MP: 2/2
   789 | D:1      | Reached XP level 3. HP: 32/33 MP: 3/3
  1541 | D:2      | Found a faded altar of an unknown god.
  1978 | D:3      | Noticed Jessica
  1986 | D:3      | Killed Jessica
  1987 | D:3      | Reached XP level 4. HP: 14/41 MP: 4/4
  2455 | D:3      | Found Axelux's General Store.
  3149 | D:4      | Became a worshipper of Beogh the Brigand
  3149 | D:4      | Reached * piety under Beogh
  3149 | D:4      | Reached ** piety under Beogh
  3168 | D:4      | Reached skill level 5 in Axes
  3168 | D:4      | Reached XP level 5. HP: 27/47 MP: 5/5
  3572 | D:4      | HP: 2/47 [scorpion (5)]
  3581 | D:4      | Noticed an ogre
  3585 | D:4      | Reached skill level 1 in Invocations
  3593 | D:4      | Mangled by an ogre

Illustrated notes

Levels and vault maps discovered:
D:1:      ebering_hopf_link, layout_basic, minmay_misc_feat_cross,
          minmay_crystal_room, st_stairs_13, minmay_surrounded
D:2:      layout_rooms, dreamdust_ecumenical_altar_drowned_temple
D:3:      layout_basic, serial_shops, nicolae_shop_waterfront, uniq_jessica
D:4:      layout_cave_pools, lemuel_temple_firewalk_b

Skill      XL: |  1  2  3  4  5 |
---------------+----------------+-----
Fighting       | 4 |  4.8
Stealth        | 2 |  2.7
Dodging        | 3 |  3.3
Axes           | 5 |  5.2
Invocations    | 1 |  1.2

Action                   |  1- 3 |  4- 6 || total
-------------------------+-------+-------++-------
Melee: Hand axe          |    61 |       ||    61
       Dagger            |    69 |    87 ||   156
       War axe           |       |    14 ||    14
       Punch             |       |     3 ||     3
       Whip              |       |    13 ||    13
Throw: Stone             |    47 |    12 ||    59
Invok: Convert to Beogh  |       |     1 ||     1
  Use: Scroll            |     4 |     2 ||     6
       Potion            |       |     3 ||     3
 Stab: Sleeping          |     2 |       ||     2
Armor: Leather armour    |    25 |       ||    25
       Robe              |     2 |       ||     2
       Chain mail        |    15 |     9 ||    24
       Plate armour      |       |    74 ||    74
Dodge: Dodged            |    80 |    59 ||   139
